 Dungeon Crawl Stone Soup version 0.29-a0-529-gfa20dd96a1 (webtiles) character file.

Game seed: 18446345677116734110

36071 zishaf the Dancer (level 13, -6/72 HPs)
             Began as a Vine Stalker Brigand on June 1, 2022.
             Was a Follower of Uskayaw.
             Killed by divine providence
             ... invoked by a meliai
              (13 damage)
             ... on level 4 of the Lair of Beasts.
             The game lasted 00:30:46 (14165 turns).

zishaf the Dancer (Vine Stalker Brigand)           Turns: 14165, Time: 00:30:46

Health: -6/72      AC: 16    Str: 17    XL:     13   Next: 87%
Magic:  0/33       EV: 11    Int: 14    God:    Uskayaw [*.....]
Gold:   1364       SH:  0    Dex: 24    Spells: 10/12 levels left

rFire   . . .      SeeInvis .   w - +9 dagger of the Undead {vamp, *Noise rPois rN+ Stlth+}
rCold   . . .      Faith    .   (no shield)
rNeg    + + .      Spirit   +   Q - +1 leather armour "Earthly Heaven" {rN+ Regen+ MP+9 Dex+4}
rPois   +          Reflect  .   u - +0 helmet
rElec   .          Harm     .   C - +1 cloak
rCorr   .          Rampage  .   g - +0 pair of gloves
Will    +....                   D - +1 pair of boots
Stlth   +++++.....              (no amulet)
HPRegen 1.82/turn               y - +4 ring of slaying
MPRegen 0.23/turn               B - ring "Hinkaibb" {AC+4 Int+3}

@: no status effects
A: fangs 3, regeneration 1, magic shield, antimagic bite, no potion heal 2,
iridescent scales 1, poison resistance, strong 1
a: Renounce Religion, Stomp


You were on level 4 of the Lair of Beasts.
You worshipped Uskayaw.
Uskayaw was pleased with you.
You visited 3 branches of the dungeon, and saw 17 of its levels.
You also visited: Sewer and Bailey.

You collected 1364 gold pieces.

Inventory:

Hand Weapons
 a - a +2 falchion of electrocution
 b - a +0 hunting sling
 r - a +2 dagger of speed
 w - the +9 dagger of the Undead (weapon) {vamp, *Noise rPois rN+ Stlth+}
   (You found it in a bailey)

   It occasionally heals its wielder for a portion of the damage dealt when it
   wounds a living foe.
   rPois:     It protects you from poison.
   rN:        It protects you from negative energy.
   *Noise:    It may make noises in combat.
   Stlth:     It makes you more stealthy.
 L - a +2 dagger of venom
Missiles
 d - 33 poisoned darts
 e - 2 curare-tipped darts
 o - a throwing net
 H - 9 boomerangs (quivered)
 U - 5 atropa-tipped darts
Armour
 g - a +0 pair of gloves (worn)
 l - a +0 robe
 q - a +1 leather armour of willpower
 u - a +0 helmet (worn)
 C - a +1 cloak (worn)
 D - a +1 pair of boots (worn)
 Q - the +1 leather armour "Earthly Heaven" (worn) {rN+ Regen+ MP+9 Dex+4}
   (You took it off a vampire on level 11 of the Dungeon)

   Dex:       It affects your dexterity (+4).
   rN:        It protects you from negative energy.
   MP:        It affects your magic capacity (+9).
   Regen:     It increases your rate of health regeneration.
Jewellery
 f - a ring of positive energy
 i - a +4 ring of evasion
 s - a ring of fire
 y - a +4 ring of slaying (left hand)
 B - the ring "Hinkaibb" (right hand) {AC+4 Int+3}
   (You found it on level 5 of the Dungeon)

   [ring of protection]

   AC:        It affects your AC (+4).
   Int:       It affects your intelligence (+3).
 G - a ring of protection from fire
 J - a ring of protection from fire
Wands
 n - a wand of flame (49)
 M - a wand of polymorph (2)
 T - a wand of iceblast (6)
 W - a wand of acid (4)
 Y - a wand of paralysis (1)
Scrolls
 c - 2 scrolls of magic mapping
 j - 11 scrolls of teleportation
 m - 2 scrolls of fog
 v - 4 scrolls of enchant armour
 E - 3 scrolls of summoning
 I - 5 scrolls of enchant weapon
 N - 3 scrolls of identify
 O - 2 scrolls of blinking
 V - a scroll of fear
 X - a scroll of silence
Potions
 h - 4 potions of berserk rage
 k - 9 potions of curing
 p - 3 potions of invisibility
 t - 3 potions of mutation
 x - 3 potions of attraction
 z - 3 potions of resistance
 A - 3 potions of flight
 F - 5 potions of might
 K - 3 potions of lignification
 P - a potion of magic
 R - a potion of ambrosia
 S - a potion of haste
 Z - a potion of brilliance {unknown}


   Skills:
 + Level 10.6 Fighting
 - Level 6.2(8.0) Short Blades
 - Level 7.7(8.7) Long Blades
 + Level 5.4 Throwing
 - Level 0.7 Dodging
 - Level 8.0 Stealth
 - Level 6.0 Translocations
 * Level 14.3 Invocations
 - Level 4.0 Evocations


You had 10 spell levels left.
You knew the following spells:

 Your Spells              Type           Power      Damage    Failure   Level
A - Blink                 Tloc           32%        N/A       4%          2

Your spell library contained the following spells:

 Spells                   Type           Power      Damage    Failure   Level
 Lesser Beckoning         Tloc           16%        N/A       9%          3
 Portal Projectile        Hex/Tloc       16%        N/A       30%         3
 Manifold Assault         Tloc           16%        N/A       63%         5
 Ignite Poison            Fire/Tmut/Pois 0%         N/A       71%         3
 Mephitic Cloud           Conj/Pois/Air  0%         N/A       71%         3
 Stone Arrow              Conj/Erth      0%         3d7       71%         3
 Tukima's Dance           Hex            0%         N/A       71%         3
 Animate Armour           Summ/Erth      0%         N/A       98%         4
 Blade Hands              Tmut           0%         N/A       100%        5
 Freezing Cloud           Conj/Ice/Air   0%         6-21      100%        5
 Irradiate                Conj/Tmut      0%         3d13      100%        5
 Dragon Form              Tmut           0%         N/A       100%        7
 Lehudib's Crystal Spear  Conj/Erth      0%         10d2      100%        8


Dungeon Overview and Level Annotations

Branches:
Dungeon (12/15)            Temple (1/1) D:5            Lair (4/6) D:10
  Snake (0/4) Lair:2          Orc (0/2) D:11          Sewer (visited)
 Bailey (visited)
  Swamp: Lair:2-4    Shoals: Lair:2-4

Altars:
Dithmenos
Fedhas
Hepliaklqana
Ru
Uskayaw
Xom
Beogh

Annotations:
D:6 2 transporters, FartintheWind's ghost, novice MiFi


Innate Abilities, Weirdness & Mutations

You have razor-sharp teeth.
Your natural rate of healing is unusually fast.
When hurt, damage is shared between your health and your magic reserves.
Your bite disrupts and absorbs the magic of your enemies.
Potions cannot restore your health.
You are partially covered in iridescent scales. (AC +2)
Your system is resistant to poisons. (rPois)
Your muscles are strong. (Str +2)


Message History

The wyvern bites you but does no damage.
The meliai hits you with a +0 hand axe! The meliai barely misses you.
The meliai calls down the wrath of its god upon you.
Something smites you!
The elephant tramples you but does no damage.
The elephant trunk-slaps you but does no damage.
The elephant closely misses you.
The elephant trunk-slaps you but does no damage.
Aiming: Line Pass
Press: ? - help, Dir - move target The elephant appears confused. x3
You can no longer pass through a line of other dancers.
The blink frog hits you but does no damage.
The elephant tramples you.
You stumble backwards!
The elephant tramples you.
You hold your ground!
The elephant trunk-slaps you but does no damage.
The elephant closely misses you.
The elephant trunk-slaps you but does no damage.
The meliai invokes the aid of its god against you.
Something smites you!
The elephant misses the blink frog.
The elephant barely misses the blink frog.
The elephant tramples itself!!
The elephant trunk-slaps itself but does no damage.
Something tramples the meliai!
The meliai is shoved backwards!
The blink frog closely misses you.
The blink frog attacks as you move away!
The blink frog hits you!
* * * LOW HITPOINT WARNING * * *
You hear a trumpeting!
The blink frog attacks as you move away!
The blink frog hits you!
* * * LOW HITPOINT WARNING * * *
The meliai hits you with a +1 hand axe of draining.
* * * LOW HITPOINT WARNING * * *
You partially resist. The meliai stings you.
* * * LOW HITPOINT WARNING * * *
The wolf bites you but does no damage.
The meliai invokes the aid of its god against you.
Something smites you!
You die...

........†.......
.......yy...F...
#......†<†........
##.....††#........
#......†##..##....
y.......#....#....
##.......#........
#......y#h......
#......y@...#..
#......#PF..#.......
##....lY##F..#.......
#....yy..Y...#.......#.#..
........l#..#...$.........
.......YY##.##............
...S.....Y................
.........F†...............
#.##.##.....†.............


You could see 2 cane toads, a blink frog, a wyvern, 2 meliai, a wolf and a
killer bee.

Vanquished Creatures
  Erica (Lair:1)
  3 hydras
  A boulder beetle (Lair:4)
  2 two-headed ogres (D:11)
  3 death yaks
  An orc knight (Bailey)
  A manticore (D:11)
  An elephant (Lair:4)
  2 gargoyles (D:12)
  5 cane toads
  4 black mambas
  A torpor snail (Lair:3)
  Maggie (D:7)
  3 rime drakes
  A komodo dragon (Lair:2)
  A polar bear (Lair:3)
  5 trolls
  A merfolk (D:10)
  A hornet (D:10)
  Prince Ribbit (D:7)
  10 blink frogs
  Grinder (D:3)
  4 dream sheep (Lair:2)
  3 shadows
  2 wraiths
  38 yaks
  A vampire (D:11)
  5 wyverns
  A steam dragon (D:8)
  2 basilisks
  2 wargs (D:10)
  Menkaure (D:4)
  An acid dragon (D:12)
  2 nagas (Lair:2)
  12 water moccasins
  20 orc warriors
  3 black bears
  2 ice beasts
  A sky beast (D:7)
  3 ogres
  3 centaurs
  8 wolves
  A kobold brigand (D:8)
  Blork the orc (D:5)
  13 bullfrogs
  2 gnoll sergeants
  3 necrophages
  6 scorpions
  14 wights
  44 killer bees
  A howler monkey (D:6)
  2 electric eels (Lair:1)
  6 hounds
  6 jellies
  3 gnoll shamans
  13 orc priests
  Crazy Yiuf (D:5)
  4 iguanas
  8 hell rats (Lair:1)
  18 orc wizards
  Robin (D:3)
  18 gnolls
  14 river rats (Lair:1)
  12 adders
  2 shadow imps (D:7)
  A white imp (D:8)
  3 dart slugs
  98 orcs
  4 ball pythons
  5 bats
  11 endoplasms
  11 giant cockroaches
  16 goblins
  7 hobgoblins
  2 jackals (D:1)
  10 quokkas
  10 frilled lizards
  8 kobolds
  24 rats
567 creatures vanquished.

Vanquished Creatures (collateral kills)
  An orc (D:8)
  A quokka (D:5)
2 creatures vanquished.

Vanquished Creatures (others)
  18 fungi
  19 plants
37 creatures vanquished.

Grand Total: 606 creatures vanquished

Notes
Turn   | Place    | Note
-------+----------+-------------------------------------------
     0 | D:1      | zishaf the Vine Stalker Brigand began the quest for the
                  | Orb.
     0 | D:1      | Reached XP level 1. HP: 11/11 MP: 2/2
    79 | D:1      | Reached skill level 5 in Stealth
    79 | D:1      | Reached XP level 2. HP: 15/15 MP: 3/3
   278 | D:1      | Found a faded altar of an unknown god.
   939 | D:1      | Reached XP level 3. HP: 18/18 MP: 4/4
  1498 | D:2      | Gained mutation: Your natural rate of healing is unusually
                  | fast. [Vine Stalker growth]
  1498 | D:2      | Reached XP level 4. HP: 23/23 MP: 5/5
  1529 | D:2      | Found a shimmering altar of Xom.
  1780 | D:3      | Noticed Robin
  1827 | D:3      | Killed Robin
  2047 | D:3      | Reached skill level 1 in Evocations
  2047 | D:3      | Reached XP level 5. HP: 28/28 MP: 4/6
  2108 | D:3      | Noticed Grinder
  2137 | D:3      | Killed Grinder
  2138 | D:3      | Reached XP level 6. HP: 23/33 MP: 7/7
  2525 | D:4      | Reached skill level 1 in Long Blades
  2616 | D:4      | Reached XP level 7. HP: 37/37 MP: 8/8
  2692 | D:4      | Noticed Menkaure
  2700 | D:4      | Killed Menkaure
  3229 | D:5      | Entered Level 5 of the Dungeon
  3438 | D:5      | Gained mutation: You have razor-sharp teeth. [Vine Stalker
                  | growth]
  3438 | D:5      | Reached XP level 8. HP: 31/42 MP: 5/9
  3483 | D:5      | Found a blossoming altar of Fedhas.
  3483 | D:5      | Found a sacrificial altar of Ru.
  3520 | D:5      | Found a staircase to the Ecumenical Temple.
  3529 | Temple   | Entered the Ecumenical Temple
  3586 | Temple   | Became a worshipper of Uskayaw the Reveller
  3631 | D:5      | Reached * piety under Uskayaw
  3635 | D:5      | Reached ** piety under Uskayaw
  3640 | D:5      | Reached *** piety under Uskayaw
  3641 | D:5      | Reached skill level 5 in Fighting
  3641 | D:5      | Reached skill level 1 in Invocations
  3643 | D:5      | Reached **** piety under Uskayaw
  3719 | D:5      | Noticed Blork the orc
  3724 | D:5      | Killed Blork the orc
  3725 | D:5      | Reached skill level 2 in Invocations
  3730 | D:5      | Reached ***** piety under Uskayaw
  3919 | D:5      | Identified the ring "Hinkaibb" {AC+4 Int+3}
  3980 | D:5      | Reached skill level 3 in Invocations
  3993 | D:5      | Found a runed translucent door.
  3994 | D:5      | Noticed Crazy Yiuf
  4142 | D:5      | Killed Crazy Yiuf
  4198 | D:6      | Noticed FartintheWind's ghost (novice MiFi)
  4198 | D:6      | Found a transporter.
  4198 | D:6      | Found a transporter.
  4246 | D:6      | Found a glowing drain.
  4265 | Sewer    | Entered a sewer
  4425 | Sewer    | Reached skill level 4 in Invocations
  4449 | Sewer    | Found a shimmering altar of Xom.
  4645 | D:6      | Reached XP level 9. HP: 48/48 MP: 11/13
  4662 | D:6      | Reached skill level 5 in Invocations
  4821 | D:6      | Noticed a troll
  4831 | D:6      | Killed a troll
  4832 | D:6      | Reached skill level 5 in Long Blades
  4832 | D:6      | Reached skill level 6 in Invocations
  5195 | D:7      | Reached skill level 7 in Invocations
  5294 | D:7      | Reached XP level 10. HP: 39/53 MP: 10/16
  5345 | D:7      | Noticed Prince Ribbit
  5358 | D:7      | Killed Prince Ribbit
  5634 | D:7      | Noticed Maggie
  5648 | D:7      | Killed Maggie
  5649 | D:7      | Reached skill level 8 in Invocations
  6523 | D:8      | Reached skill level 9 in Invocations
  7069 | D:9      | Learned a level 2 spell: Blink
  7405 | D:9      | Reached skill level 1 in Translocations
  7405 | D:9      | Reached XP level 11. HP: 40/48 MP: 15/19
  7418 | D:9      | You fall into a shaft and drop 2 floors!
  7419 | D:11     | Noticed a two-headed ogre
  7436 | D:11     | Killed a two-headed ogre
  7437 | D:11     | Reached skill level 10 in Invocations
  7498 | D:10     | Entered Level 10 of the Dungeon
  7562 | D:10     | Found a flagged portal.
  7613 | Bailey   | Entered a bailey
  7898 | Bailey   | Noticed an orc knight
  8077 | Bailey   | Killed an orc knight
  8216 | Bailey   | Identified the +9 dagger of the Undead {vamp, *Noise rPois
                  | rN+ Stlth+}
  8282 | D:10     | Paralysed by a hornet for 1 turns
  9009 | D:10     | Found a staircase to the Lair.
  9305 | D:10     | Reached skill level 11 in Invocations
  9629 | D:11     | Noticed a manticore
  9637 | D:11     | Killed a manticore
  9749 | D:11     | Identified the +1 leather armour "Earthly Heaven" {rN+
                  | Regen+ MP+9 Dex+4}
  9758 | D:11     | Noticed a two-headed ogre
  9765 | D:11     | Killed a two-headed ogre
  9789 | D:11     | Found a staircase to the Orcish Mines.
  9910 | D:11     | Reached XP level 12. HP: 65/66 MP: 21/21
  9913 | D:11     | Reached ****** piety under Uskayaw
 10201 | D:11     | Noticed a six-headed hydra
 10213 | D:11     | Killed a six-headed hydra
 10498 | D:12     | HP: 2/66 [gargoyle/+0 flail (10)]
 10718 | D:12     | Reached skill level 12 in Invocations
 10898 | D:12     | Noticed an eight-headed hydra
 10904 | D:12     | Killed an eight-headed hydra
 11185 | Lair:1   | Entered Level 1 of the Lair of Beasts
 11212 | Lair:1   | Reached skill level 5 in Short Blades
 11217 | Lair:1   | Noticed Erica
 11227 | Lair:1   | Killed Erica
 12293 | Lair:2   | Reached XP level 13. HP: 59/72 MP: 23/23
 12344 | Lair:2   | Found a staircase to the Snake Pit.
 12400 | Lair:2   | Reached skill level 13 in Invocations
 12553 | Lair:2   | Reached skill level 5 in Translocations
 12571 | Lair:2   | Reached skill level 10 in Fighting
 13452 | Lair:3   | Gained mutation: Your muscles are strong. (Str +2) [potion
                  | of mutation]
 13452 | Lair:3   | Gained mutation: Your system is resistant to poisons.
                  | (rPois) [potion of mutation]
 13452 | Lair:3   | Gained mutation: You are partially covered in iridescent
                  | scales. (AC +2) [potion of mutation]
 14078 | Lair:4   | Reached skill level 5 in Throwing
 14112 | Lair:4   | Reached skill level 14 in Invocations
 14165 | Lair:4   | Killed from afar by a meliai

Illustrated notes

Levels and vault maps discovered:
D:1:      dpeg_arrival_prison, layout_basic, basic_ecumenical_altar,
          serial_bayou_crossing
D:2:      layout_rooms, basic_altar
D:3:      layout_rooms, grunt_decor_arrowhead, uniq_grinder, uniq_robin
D:4:      layout_layer_cave, uniq_menkaure
D:5:      layout_rooms, jmf_multi_god_temple, minmay_temple_entry_hall,
          kennysheep_nondescript, uniq_blork_the_orc, uniq_crazy_yiuf_cottage
D:6:      layout_cave_pools, gammafunk_ghost_arena, gup_sewer_entry_pipe,
          kb_rosetta
D:7:      layout_basic, serial_bayou_pond_c, minivault_22, uniq_prince_ribbit1,
          uniq_maggie
D:8:      layout_rooms, special_room [special_room_orc]
D:9:      layout_roguey
D:10:     layout_cave_pools, erik_lair_orcish_takeover, enter_bailey_8,
          hangedman_fish_farm
D:11:     layout_loops_ring, hiddenorc2_lemuel
D:12:     layout_cross
Temple:   mainiacjoe_temple_big_plus
Lair:1:   lemuel_ratsnest, layout_chaotic_city, dreamdust_gnoll_shepherd,
          grunt_megastairs_3, serial_bayou_shore_a, uniq_erica
Lair:2:   layout_small_grid, guppyfry_snake_entry_garden, lemuel_old_faithful
Lair:3:   layout_cellular_growth
Lair:4:   hangedman_what_comes_after_a, layout_regular_city,
          minmay_shoals_entry_hut

Skill      XL: |  1  2  3  4  5  6  7  8  9 10 11 12 13 |
---------------+----------------------------------------+-----
Short Blades   | 2 3 4 5 6 |  6.2
Stealth        | 5 8 |  8.0
Fighting       | 2 3 4 5 6 8 9 10 | 10.6
Throwing       | 2 3 5 |  5.4
Evocations     | 1 2 3 4 |  4.0
Long Blades    | 1 2 4 5 6 7 |  7.7
Invocations    | 4 7 9 11 12 14 | 14.3
Translocations | 1 4 6 |  6.0
Dodging        | |  0.7

Action                   |  1- 3 |  4- 6 |  7- 9 | 10-12 | 13-15 || total
-------------------------+-------+-------+-------+-------+-------++-------
Melee: Dagger            |    57 |   118 |       |   349 |   236 ||   760
       Bite              |    15 |    51 |    63 |   231 |    90 ||   450
       Punch             |       |     2 |     3 |    12 |     6 ||    23
       Falchion          |       |    38 |   239 |   356 |       ||   633
 Fire: Hunting sling     |       |       |       |     7 |       ||     7
Throw: Dart              |     3 |     2 |       |     1 |       ||     6
       Boomerang         |       |       |       |    11 |       ||    11
 Cast: Blink             |       |       |       |     1 |       ||     1
Invok: Stomp             |       |       |       |       |     8 ||     8
       Grand Finale      |       |       |       |       |     2 ||     2
       Line Pass         |       |       |       |       |     1 ||     1
  Use: Scroll            |       |       |    13 |    12 |     1 ||    26
       Potion            |       |       |       |     1 |     1 ||     2
 Stab: Sleeping          |    10 |     8 |     9 |    12 |     4 ||    43
       Distracted        |       |     1 |     2 |     1 |     2 ||     6
       Paralysed         |       |       |    11 |    52 |    17 ||    80
Armor: Robe              |     6 |    28 |    77 |    25 |       ||   136
       Leather armour    |       |       |       |   249 |   119 ||   368
       Skin              |       |       |       |    44 |       ||    44
Dodge: Dodged            |    22 |    85 |   111 |   398 |   110 ||   726

Table legend: (Time is in decaauts)
 A = Elapsed time spent in this place.
 B = Non-inter-level travel time spent in this place.
 C = Inter-level travel time spent in this place.
 D = Time resting spent in this place.
 E = Time spent auto-exploring this place.
 F = Levels seen in this place.
 G = Mean time per level.
                   A        B        C        D        E       F      G
               +--------+--------+--------+--------+--------+-----+--------+
         Total |  13973 |  13306 |    667 |    426 |   9123 |  19 |  735.4 |
       Dungeon |  10166 |   9636 |    530 |    341 |   6733 |  12 |  847.2 |
        Temple |     87 |     47 |     40 |      0 |     45 |   1 |   87.0 |
          Lair |   2850 |   2753 |     97 |     85 |   2007 |   4 |  712.5 |
         Sewer |    264 |    264 |      0 |      0 |     74 |   1 |  264.0 |
        Bailey |    605 |    605 |      0 |      0 |    264 |   1 |  605.0 |
               +--------+--------+--------+--------+--------+-----+--------+

Top non-repeatable levels by time:
     D:1: 1262 daAuts
  Lair:1: 1034 daAuts
     D:9: 1028 daAuts
     D:7: 1019 daAuts
    D:11: 991 daAuts
     D:8: 879 daAuts
     D:4: 875 daAuts
  Lair:3: 864 daAuts
  Lair:2: 807 daAuts
    D:12: 781 daAuts
     D:5: 756 daAuts
     D:6: 733 daAuts
    D:10: 648 daAuts
     D:3: 643 daAuts
  Bailey: 605 daAuts
